← All builds
Tech / Armada / Economy first / OBSERVED BUILD

Standard tech

Armada Tech (Eco) build order · Supreme Isthmus

Rushes T2 by 4:15, gets Advanced Metal Extractor around 5:28, hands off T2 constructors to Geo and the team, then scales eco and supplies the team's T2 needs through the rest of the game.

Usually first T2 con to Geo (83%)

#eco #t2 #team support · 1574 distinct matches · 255 players · 58% of Armada Tech games · team won 53% of 1868 · Recently observed

HOW TO PLAY IT

Key timing: T2 factory by 4:15

  1. Open 3 mex and heavy wind to fund a fast T2 rush.
  2. Put down Bot Lab, planning to eat it for reclaim soon after.
  3. Get Advanced Bot Lab up, hitting the T2 factory rush timing.
  4. Upgrade mex to Advanced Metal Extractor to lock in team metal income.
  5. Eat Advanced Bot Lab and keep sending cons to Geo and Pond.

Phase by phase

TYPICAL OF ITS 1574 GAMES
  1. 1
  2. 2
  3. 3
  4. 4
PLAY THE OPENING

Follow the example game's first 6:00 step by step: what to build now, what comes next, and where it goes. At 1× it keeps pace with your own game.

  1. 1

    Up to the Bot Lab

    Economy
    • Metal Extractor3Mex
    • Wind Turbine4Wind
    Order
    1. Bot LabBot Lab after 3 mex, 4 winddone ~1:18, middle half 1:13–1:32

    Some games also: energy storage (31%)

    By 1:01 in all: 3 mex · 4 wind

    The example game in this phase · 3 steps
    1. Mex ×3
    2. Wind ×4
    3. Bot LabBot Labdone 1:17 · typical 1:18
  2. 2

    Bot Lab to Advanced Bot Lab

    Economy
    • Metal Extractor1Mex
    • Wind Turbine8Wind
    • Energy Storage1Energy storage
    Order
    1. Advanced Bot LabAdvanced Bot Lab after 4 mex, 12 wind, 3 con turretdone ~4:16, middle half 4:04–4:30
    Builders
    • Construction Turret3 Con turret
    • Lazarus3 Lazarus
    • Construction Bot2 Con bot
    • Construction Bot1 Con bot for allies

    Some games also: converter (36%)

    By 3:18 in all: 4 mex · 12 wind · 1 energy storage · 3 con turret

    The example game in this phase · 19 steps
    1. LazarusLazarus
    2. Wind
    3. Construction BotCon bot
    4. Wind ×3
    5. LazarusLazarus
    6. Construction BotCon botfor Air
    7. Wind
    8. Construction BotCon bot
    9. Mex
    10. Energy storage
    11. LazarusLazarus
    12. Con turret
    13. Wind
    14. LazarusLazarus
    15. Con turret
    16. Wind
    17. LazarusLazarus
    18. Wind ×2
    19. Advanced Bot LabAdvanced Bot Labdone 4:32 · typical 4:16
  3. 3

    Advanced Bot Lab to 5:00

    Economy
    • Wind Turbine3Wind
    Order
    1. Bot LabEat Bot Lab
    Builders
    • Advanced Construction Bot1 T2 con bot for allies

    Some games also: converter (35%)

    By 5:00 in all: 4 mex · 15 wind · 1 converter · 1 energy storage · 3 con turret

    The example game in this phase · 7 steps
    1. Wind ×2
    2. Converter
    3. Bot LabEat Bot Labreclaimed for its metal
    4. Converter
    5. Wind ×2
    6. Advanced Construction BotT2 con bot ×2for Geo
    7. Advanced Metal ExtractorT2 mexdone 5:59 · typical 5:29
  4. 4

    5:00 to 10:00

    Economy
    • Wind Turbine43Wind
    • Energy Converter6Converter
    Builders
    • Butler9 Butler
    • Advanced Construction Bot4 T2 con bot for allies
    • Advanced Construction Bot1 T2 con bot

    Some games also: con turret (43%) · Butler for allies (37%)

    By 10:00 in all: 4 mex · 58 wind · 8 converter · 1 energy storage · 3 con turret

    The example game in this phase · 139 steps
    1. SharpshooterSniper botfor Ponddone 6:53
    2. Advanced Metal ExtractorT2 mex ×2
    3. SharpshooterSniper botfor Pond
    4. Advanced Construction BotT2 con botfor Pond
    5. Wind ×4
    6. Advanced Construction BotT2 con bot
    7. Wind
    8. ButlerButler
    9. Wind ×2
    10. ButlerButler
    11. Wind ×2
    12. ButlerButler
    13. Wind
    14. Advanced Construction BotT2 con botfor Geo
    15. Metal storage
    16. Advanced Metal ExtractorT2 mex
    17. Advanced Construction BotT2 con bot ×2for Geo sea
    18. Converter
    19. Wind
    20. Advanced Construction BotT2 con botfor Front
    21. Converter
    22. Wind ×2
    23. Converter
    24. Wind ×2
    25. Advanced Construction BotT2 con bot
    26. Converter
    27. Wind ×2
    28. Converter
    29. Wind ×2
    30. ButlerButler
    31. Converter
    32. Wind
    33. Fusion ReactorFusionnot finished by 15:00
    34. ButlerButler
    35. Wind ×2
    36. ButlerButler
    37. Wind ×2
    38. ButlerButler
    39. Wind ×2
    40. ButlerButler
    41. Wind ×3
    42. ButlerButler
    43. Converter
    44. Wind
    45. Converter
    46. Wind
    47. ButlerButler
    48. Wind
    49. Converter
    50. Wind
    51. Converter
    52. Con turret
    53. Wind
    54. ButlerButler
    55. Wind
    56. Converter ×2
    57. Wind
    58. Converter
    59. ButlerButler
    60. Wind
    61. Converter ×2
    62. Con turret
    63. Wind
    64. Converter ×2
    65. ButlerButler
    66. Wind ×2
    67. Converter ×2
    68. SprinterSprinter
    69. Wind ×3
    70. Converter ×2
    71. SprinterSprinter
    72. Wind
    73. SprinterSprinter
    74. Converter ×2
    75. Wind
    76. SprinterSprinter
    77. Wind ×2
    78. Converter ×2
    79. ButlerButler
    80. Wind ×2
    81. Converter ×2
    82. ButlerButler
    83. Wind
    84. Converter
    85. Wind
    86. Converter
    87. ButlerButler
    88. Wind
    89. Converter ×2
    90. Wind
    91. ButlerButlerfor Geo sea
    92. Wind
    93. Converter ×2
    94. Wind
    95. ButlerButlerfor Geo sea
    96. Wind
    97. Converter ×2
    98. Wind
    99. Converter
    100. ButlerButler
    101. Converter
    102. Wind
    103. Advanced Construction BotT2 con botfor Geo sea
    104. Wind ×2
    105. Converter ×2
    106. UmbrellaAnti-nukedone 13:57
    107. Wind ×3
    108. Converter ×2
    109. Wind ×4
    110. Converter
    111. Wind
    112. Converter
    113. Wind ×3
    114. Converter ×2
    115. Wind ×3
    116. Converter ×2
    117. Con turret
    118. Wind ×3
    119. Converter ×2
    120. Wind ×5
    121. Converter
    122. Wind
    123. Converter
    124. HoundHound
    125. Converter ×2
    126. HoundHound
    127. Wind
    128. Converter ×3
    129. HoundHound
    130. Converter ×4
    131. Wind
    132. HoundHound
    133. Wind ×2
    134. Converter ×2
    135. HoundHound
    136. Wind ×5
    137. HoundHound
    138. Converter ×2
    139. Wind ×2

Counts are medians over the build's games: half of them build more, half fewer. The example game is SK0NK's (33 OS, 29/08/2026); pick another.

Team trades

IN AT LEAST 30% OF ITS GAMES

You hand over

  • Construction Bot1 Con bot to Airfirst at 2:24 · in 84% of games
  • Advanced Construction Bot5 T2 con bot to Air or Geo sea or Pondfirst at 4:50 · in 99% of games
  • Butler2 Butler to Geo sea or Beach sea or Pondfirst at 9:07 · in 42% of games

You get

  • Hercules1 Light transport from Airfirst at 4:01 · in 86% of games

How it plays out

Typical game of this build, running totals by minute

Metal produced

020k40k
0:005:0010:0015:00

metal

Enemy metal destroyed

050100
0:005:0010:0015:00

metal

Own metal lost

050100150
0:005:0010:0015:00

metal

1868 games.

Show as table
ByMetal produced: This buildEnemy metal destroyed: This buildOwn metal lost: This build
1:0038300
2:0091500
3:00165100
4:00314300
5:00484800
6:00580000
7:00722700
8:00906100
9:001116900
10:001350200
11:001623900
12:001965200
13:002344100
14:0027357074
15:003153885130
WHAT THE NUMBERS SAY

Standard Tech play barely fights at all early, instead pouring metal into T2 infrastructure and constructors for the team.

  • + Metal produced hits 31679 by 15:00, by far the highest of any role here.
  • + T2 factory reached in 97% of games by 4:15, fastest and most reliable T2 timing.
  • − Enemy metal destroyed stays at 0 through 10:00, no early offense at all.
  • − Own metal lost also near 0, showing total avoidance of combat risk.
THE EXAMPLE YOU ARE READING

SK0NK

33.4 OS · 29/08/2026

Open source match ↗

2 received units · includes a constructor
3846 metal received · 141983 energy received

Allied construction assistance is unknown. Timings are observations, not a promise of solo reproducibility.

Typical milestones

Bot Lab1:18Middle 50%: 1:13–1:32 · n=1868
Advanced Bot Lab4:16Middle 50%: 4:04–4:30 · n=1861
Advanced Metal Extractor5:29Middle 50%: 5:06–5:59 · n=1864

Played most by

Amrissa93games of this buildTheGeneraI66games of this buildAdeus57games of this buildEl_Turco56games of this buildKOT_43games of this build